 Dungeon Crawl Stone Soup version 0.28.0 (webtiles) character file.

Game seed: 4357439337020083749

1098 vvl the Stinger (level 8, 0/58 HPs)
             Began as a Demonspawn Venom Mage on Feb 4, 2022.
             Slain by a vampire (13 damage)
             ... on level 5 of the Dungeon.
             The game lasted 00:23:50 (6487 turns).

vvl the Stinger (Demonspawn Venom Mage)             Turns: 6487, Time: 00:23:50

Health: 0/58       AC:  2    Str:  9    XL:     8   Next: 10%
Magic:  13/13      EV: 12    Int: 21    God:
Gold:   803        SH:  0    Dex: 13    Spells: 1/14 levels left

rFire   . . .      SeeInvis .   z - +2 hand axe (elec)
rCold   . . .      Faith    .   (no shield)
rNeg    . . .      Spirit   .   a - +0 robe
rPois   .          Reflect  .   (no helmet)
rElec   .          Harm     .   (no cloak)
rCorr   .          Rampage  .   (no gloves)
Will    .....                   (no boots)
Stlth   ++........              (no amulet)
HPRegen 0.19/turn               s - ring of flight
MPRegen 0.13/turn               (no ring)

@: flying
A: hooves 1, foul stench 1, powered by death 2, big brain 1
a: no special abilities


You were on level 5 of the Dungeon.
You visited 1 branch of the dungeon, and saw 5 of its levels.
You also visited: Ossuary.

You collected 803 gold pieces.

Inventory:

Hand Weapons
 f - a +1 flail of protection
 n - a +2 dagger of venom
 r - a +1 vampiric whip
 z - a +2 hand axe of electrocution (weapon)
Missiles
 g - 2 throwing nets
Armour
 a - a +0 robe (worn)
Magical Staves
 j - a staff of cold
Jewellery
 s - a ring of flight (left hand)
Wands
 m - a wand of flame (18)
Scrolls
 c - 6 scrolls of teleportation
 h - 2 scrolls of magic mapping {unknown}
 l - a scroll of summoning {unknown}
 q - a scroll of torment {unknown}
 t - a scroll of fog {unknown}
 w - a scroll of vulnerability {unknown}
 A - a scroll of amnesia {unknown}
Potions
 b - 2 potions of attraction
 i - 2 potions of flight
 u - 2 potions of might {unknown}
 v - a potion of lignification
 x - a potion of ambrosia {unknown}


   Skills:
 + Level 3.3 Fighting
 + Level 0.1 Armour
 - Level 3.0 Dodging
 - Level 2.0 Stealth
 + Level 3.7 Spellcasting
 + Level 3.1 Conjurations
 - Level 0.4 Summonings
 - Level 0.3 Necromancy
 - Level 2.0 Transmutations
 * Level 4.2 Fire Magic
 + Level 4.8 Poison Magic


You had one spell level left.
You knew the following spells:

 Your Spells              Type           Power      Damage    Failure   Level
a - Sting                 Tmut/Pois      72%        1d6       3%          1
b - Olgreb's Toxic Radia  Pois           24%        N/A       17%         4
c - Foxfire               Conj/Fire      76%        2x1d7     2%          1
d - Inner Flame           Hex/Fire       12%        N/A       16%         3
e - Flame Wave            Conj/Fire      19%        2d6       26%         4

Your spell library contained the following spells:

 Spells                   Type           Power      Damage    Failure   Level
 Summon Small Mammal      Summ           20%        N/A       11%         1
 Poisonous Vapours        Pois/Air       28%        N/A       7%          2
 Conjure Flame            Conj/Fire      19%        6-21      9%          3
 Mephitic Cloud           Conj/Pois/Air  15%        N/A       12%         3
 Call Canine Familiar     Summ           5%         N/A       30%         3
 Summon Guardian Golem    Hex/Summ       4%         N/A       34%         3
 Ozocubu's Armour         Ice            3%         N/A       36%         3
 Ozocubu's Refrigeration  Ice            1%         4d5       100%        7


Dungeon Overview and Level Annotations

Branches:
Dungeon (5/15)            Ossuary (visited)
 Temple: D:4-7

Altars:
Ru
Yredelemnul


Innate Abilities, Weirdness & Mutations

You have large cloven feet.
You may rarely emit foul miasma when damaged in melee.
You regenerate health from kills.
You have an unusually large brain. (Int +2)


Message History

Something hits you but does no damage. Something bites you but does no damage.
You hear some strange, mumbled words.
Something tries to affect you, but you resist.
You hit something.
Your transformation is almost over.
Something hits you but does no damage. Something bites you but does no damage.
You hit something. Something hits you but does no damage. Something bites you.
* * * LOW HITPOINT WARNING * * *
Something draws strength from your injuries!
You emit a cloud of foul miasma!
You closely miss something. Something hits you but does no damage.
Something bites you but does no damage.
You closely miss something.
A vampire appears from thin air!
Reactivating autopickup.
The vampire points at you and mumbles some strange words.
You are confused.
The vampire hits you but does no damage.
The vampire bites you but does no damage.
You hit the vampire but do no damage.
The vampire is heavily damaged.
The vampire hits you but does no damage.
The vampire bites you.
* * * LOW HITPOINT WARNING * * *
The vampire draws strength from your injuries!
You hit the vampire but do no damage.
The vampire is heavily damaged.
The vampire hits you but does no damage.
The vampire bites you but does no damage.
You hit the vampire but do no damage.
The vampire casts a spell.
The vampire flickers and vanishes!
Deactivating autopickup; reactivate with Ctrl-A.
Something hits you but does no damage. Something bites you but does no damage.
You feel much better.
You feel less wooden.
Your +0 robe unmelds from your body.
Something hits you! Something bites you!
* * * LOW HITPOINT WARNING * * *
Something draws strength from your injuries!
It was a potion of curing.
You feel better. Something hits you!
You die...

# # ### #.######
#..##########.#.##.###
##...............#..#.##
##.....#................#
........................# .
.........{@..# #.......####
..
.............####.†...##...
#.#####.........#.....##.....
#... #.............#........
#....##...#..##...##..##...#.
#.........#.......##.........
#...#.#..........##......###.
... #.....##......#.....##...
. ...(....#..............#..#


There were no monsters in sight!

Vanquished Creatures
  An ogre (D:4)
  5 water moccasin zombies (Ossuary)
  A water moccasin skeleton (D:4)
  An orc priest (D:4)
  A gnoll shaman (D:4)
  2 jellies
  2 human skeletons (D:4)
  Natasha (thrice) (D:2)
  2 orc wizards
  A hound skeleton (D:4)
  2 mummies (Ossuary)
  Robin (D:2)
  14 gnolls
  5 adders
  4 adder zombies (Ossuary)
  5 dart slugs
  15 orcs
  10 ball pythons
  8 endoplasms
  4 giant cockroaches
  15 goblins
  4 hobgoblins
  3 kobolds
  3 quokkas
  3 bats
  3 frilled lizards (D:1)
  4 gnoll zombies (Ossuary)
  7 hobgoblin zombies (Ossuary)
  7 kobold zombies (Ossuary)
  2 orc skeletons (D:4)
  7 orc zombies
  6 rats
151 creatures vanquished.

Vanquished Creatures (others)
  39 foxfires (Ossuary)
  2 fungi (D:3)
  5 plants (D:3)
46 creatures vanquished.

Grand Total: 197 creatures vanquished

Notes
Turn   | Place    | Note
-------+----------+-------------------------------------------
     0 | D:1      | vvl the Demonspawn Venom Mage began the quest for the Orb.
     0 | D:1      | Reached XP level 1. HP: 13/13 MP: 3/3
    11 | D:1      | Reached skill level 1 in Transmutations
   288 | D:1      | Gained mutation: You may rarely emit foul miasma when
                  | damaged in melee. [demonic ancestry]
   288 | D:1      | Reached XP level 2. HP: 12/19 MP: 1/5
  1101 | D:1      | Gained mutation: You regenerate a little health from kills.
                  | [demonic ancestry]
  1101 | D:1      | Reached XP level 3. HP: 12/25 MP: 1/6
  1304 | D:1      | Reached skill level 1 in Fighting
  1703 | D:2      | Noticed Natasha
  1718 | D:2      | Killed Natasha
  1719 | D:2      | Gained mutation: You have an unusually large brain. (Int
                  | +2) [demonic ancestry]
  1719 | D:2      | Reached XP level 4. HP: 12/32 MP: 0/7
  2012 | D:2      | Reached skill level 1 in Fire Magic
  2682 | D:2      | Noticed Robin
  2692 | D:2      | Noticed Natasha
  2734 | D:2      | Gained mutation: You have large cloven feet. [demonic
                  | ancestry]
  2734 | D:2      | Reached XP level 5. HP: 37/37 MP: 2/8
  2744 | D:2      | Killed Robin
  2851 | D:2      | Killed Natasha
  2852 | D:2      | Reached skill level 1 in Conjurations
  2854 | D:2      | Noticed Natasha
  2860 | D:2      | Killed Natasha
  3155 | D:2      | Learned a level 4 spell: Olgreb's Toxic Radiance
  3157 | D:2      | Learned a level 1 spell: Foxfire
  3711 | D:3      | Reached XP level 6. HP: 14/44 MP: 6/10
  3951 | D:3      | Found a faded altar of an unknown god.
  4740 | D:4      | Reached XP level 7. HP: 37/51 MP: 1/11
  4964 | D:4      | Found a sacrificial altar of Ru.
  4997 | D:4      | Found a sand-covered staircase.
  5007 | Ossuary  | Entered an ossuary
  5928 | D:4      | Gained mutation: You regenerate health from kills. [demonic
                  | ancestry]
  5928 | D:4      | Reached XP level 8. HP: 58/58 MP: 5/13
  6013 | D:4      | Found a basalt altar of Yredelemnul.
  6340 | D:4      | Identified a scroll of acquirement
  6346 | D:4      | Acquired 543 gold pieces
  6370 | D:4      | Learned a level 3 spell: Inner Flame
  6375 | D:4      | Learned a level 4 spell: Flame Wave
  6378 | D:5      | Entered Level 5 of the Dungeon
  6487 | D:5      | Slain by a vampire

Illustrated notes

Levels and vault maps discovered:
D:1:      arrival_zaba_pyramid, layout_basic
D:2:      layout_basic, uniq_robin, uniq_natasha
D:3:      layout_basic, shapermc_ecumenical_altar_mp_ritualfount, corexii_shack
D:4:      layout_basic, hangedman_ru_absence, kennysheep_mini_moat,
          nicolae_ossuary_entry_catacombs
D:5:      layout_cave_pools

Skill      XL: |  1  2  3  4  5  6  7 |
---------------+----------------------+-----
Transmutations | 1 2 |  2.0
Stealth        | 2 |  2.0
Dodging        | 2 3 |  3.0
Fighting       | 1 2 3 |  3.3
Fire Magic     | 1 2 4 |  4.2
Conjurations   | 1 2 3 |  3.1
Poison Magic   | 4 |  4.8
Spellcasting   | 3 |  3.7
Armour         | |  0.1
Summonings     | |  0.4
Necromancy     | |  0.3

Action                   |  1- 3 |  4- 6 |  7- 9 || total
-------------------------+-------+-------+-------++-------
Melee: Unarmed           |    23 |     4 |       ||    27
       Punch             |     1 |     3 |     1 ||     5
       Flail             |       |    26 |   179 ||   205
       Dagger            |       |    33 |     3 ||    36
       Kick              |       |    18 |    68 ||    86
       Hand axe          |       |       |    20 ||    20
 Cast: Sting             |    44 |    94 |    24 ||   162
       Olgreb's Toxic Ra |       |     4 |       ||     4
       Foxfire           |       |       |    23 ||    23
Evoke: Wand              |       |       |     2 ||     2
  Use: Scroll            |       |     1 |     6 ||     7
       Potion            |       |       |     4 ||     4
 Stab: Sleeping          |       |       |     3 ||     3
Armor: Robe              |     7 |    28 |    78 ||   113
       Skin              |       |       |    50 ||    50
Dodge: Dodged            |    22 |    69 |   140 ||   231
